 Dungeon Crawl Stone Soup version 0.31-a0-702-gf82c85558f (webtiles) character file.

Game seed: 14513147765602504103

349 qw the Shooter (level 6, 0/38 HPs)
             Began as a Gargoyle Hunter on Sept 8, 2023.
             Killed by divine providence
             ... invoked by an orc priest
              (14 damage)
             ... on level 4 of the Dungeon.
             The game lasted 00:00:57 (2417 turns).

qw the Shooter (Gargoyle Hunter)                    Turns: 2417, Time: 00:00:58

Health: 0/38       AC: 13    Str: 15    XL:     6   Next: 60%
Magic:  6/6        EV: 11    Int:  9    God:
Gold:   212        SH:  0    Dex: 15    Spells: 5/5 levels left

rFire   . . .        Y - +2 shortbow
rCold   . . .        (shield currently unavailable)
rNeg    + . .        l - +0 ring mail
rPois   inf          c - +0 helmet
rElec   +            (no cloak)
rCorr   .            (no gloves)
SInv    .            e - +2 pair of boots
Will    .....        (no amulet)
Stlth   +            (no ring)
HPRegen 0.26/turn    (no ring)
MPRegen 0.10/turn

%: no passive effects
@: no status effects
A: sickness immunity, AC +4, negative energy resistance 1, electricity
resistance, torment resistance 1, petrification resistance
a: no special abilities


You were on level 4 of the Dungeon.
You visited 1 branch of the dungeon, and saw 4 of its levels.

You collected 212 gold pieces.


Innate Abilities, Weirdness & Mutations

You are immune to sickness and miasma.
Your stone body is resilient. (AC +4)
You are immune to poison.
You resist negative energy. (rN+)
You are resistant to electric shocks. (rElec)
You are resistant to unholy torment.
You are immune to petrification.


   Skills:
 - Level 4.1 Fighting
 + Level 6.8 Ranged Weapons
 - Level 1.2 Armour
 - Level 1.5 Dodging
 - Level 1.1 Stealth


You had 5 spell levels left.
You didn't know any spells.
Your spell library was empty.

Inventory:

Hand Weapons
 Y - a +2 shortbow (weapon)
Armour
 c - a +0 helmet (worn)
 e - a +2 pair of boots (worn)
 f - a +1 leather armour of willpower
 l - a +0 ring mail (worn)
Scrolls
 a - a scroll of identify
 h - a scroll of teleportation {unknown}
Potions
 b - a potion of heal wounds
 d - a potion of haste
 g - a potion of enlightenment

Dungeon Overview and Level Annotations

Branches:
Dungeon (4/15)
 Temple: D:4-7

Altars:
Yredelemnul

Annotations:
D:3 1 runed translucent door


Message History

The adder is severely wounded.
The adder bites you but does no damage.
You shoot an arrow. The arrow hits the adder.
You kill the adder!
You shoot an arrow. The arrow hits the orc priest.
The orc priest is lightly wounded.
The orc priest invokes the aid of Beogh against you.
Beogh smites you!
The orc priest looks encouraged for a moment.
You shoot an arrow.
The arrow closely misses the orc priest.
The orc priest calls down the wrath of Beogh upon you.
Beogh smites you!
You shoot an arrow. The arrow barely misses the orc priest.
The orc priest miscasts a cantrip.
You shoot an arrow.
The arrow hits the orc priest but does no damage.
The orc priest is lightly wounded.
The orc priest hits you but does no damage.
You shoot an arrow.
The arrow hits the orc priest but does no damage.
The orc priest is lightly wounded.
The orc priest closely misses you.
You shoot an arrow. The arrow barely misses the orc priest.
The orc priest closely misses you.
You shoot an arrow. The arrow barely misses the orc priest.
The orc priest barely misses you.
You shoot an arrow.
The arrow hits the orc priest but does no damage.
The orc priest is lightly wounded.
The orc priest hits you with a +0 hand axe.
You shoot an arrow. The arrow hits the orc priest.
The orc priest is heavily wounded.
The orc priest looks braver for a moment.
The orc priest misses you.
You shoot an arrow. The arrow hits the orc priest.
The orc priest is severely wounded.
The orc priest mumbles some strange prayers to Beogh against you.
Beogh smites you!
You die...

.........#
##.......#
# #.......#
#.#.......#
......##.#
###.......#
#.........#
###.......#
.......o@.#
######'##.#
#. #.# #)
#.# .o #.#
.. ..# ...
## ##.


You could see an orc priest.

Vanquished Creatures
  A sky beast (D:4)
  An ogre (D:4)
  2 orc wizards
  5 adders
  A worm (D:3)
  A dart slug (D:3)
  13 orcs
  5 endoplasms
  3 giant cockroaches
  3 goblins
  4 hobgoblins
  6 kobolds
  2 quokkas
  3 ball pythons (D:1)
  7 bats
  2 frilled lizards
  A jackal skeleton (D:3)
  5 rats
65 creatures vanquished.

Notes
Turn   | Place    | Note
-------+----------+-------------------------------------------
     0 | D:1      | qw the Gargoyle Hunter began the quest for the Orb.
     0 | D:1      | Reached XP level 1. HP: 12/12 MP: 1/1
     0 | D:1      | 0 ||| qw: Version: 0.3-a-76-g4403597
     0 | D:1      | 0 ||| qw: Game counter: 1147
     0 | D:1      | 0 ||| qw: Melee chars always use a shield: true
     0 | D:1      | 0 ||| qw: God list: Okawaru
     0 | D:1      | 0 ||| qw: Allow faded altars: false
     0 | D:1      | 0 ||| qw: Do Orc after clearing Dungeon:15 true
     0 | D:1      | 0 ||| qw: Do second Lair branch before Depths: true
     0 | D:1      | 0 ||| qw: Lair rune preference: random
     0 | D:1      | 0 ||| qw: Goals: Normal
     0 | D:1      | 0 ||| PLANNING D:1-11
    98 | D:1      | Reached XP level 2. HP: 17/17 MP: 2/2
   546 | D:1      | 546 ||| UPGRADING to +0 ring mail.
   556 | D:1      | 556 ||| DROPPING +0 leather armour.
   557 | D:1      | 557 ||| READING scroll labelled XIQUXZ ZURANLI.
   558 | D:1      | 558 ||| READING 4 scrolls labelled JUUPLOMIAJI.
   559 | D:1      | 559 ||| READING scroll labelled OQUVOCL QOSKEA.
   569 | D:1      | 569 ||| READING scroll labelled JUSTOI BEIMEOQ.
   570 | D:1      | 570 ||| DROPPING scroll of butterflies.
   571 | D:1      | 571 ||| DROPPING 3 scrolls of fear.
   595 | D:2      | Reached skill level 1 in Armour
   595 | D:2      | Reached XP level 3. HP: 18/21 MP: 3/3
   595 | D:2      | 595 ||| STAIRDANCE
   750 | D:2      | Reached skill level 5 in Ranged Weapons
  1059 | D:2      | Reached XP level 4. HP: 27/27 MP: 4/4
  1080 | D:2      | Found a faded altar of an unknown god.
  1124 | D:2      | 1124 ||| READING 5 scrolls labelled ITIPYE MERA.
  1125 | D:2      | 1125 ||| READING scroll labelled AMELASCH RIQAYC.
  1126 | D:2      | 1126 ||| READING scroll labelled KOKUYN SUSUOXU.
  1127 | D:2      | 1127 ||| READING 2 scrolls labelled LUOMIQARYNK.
  1128 | D:2      | 1128 ||| READING 4 scrolls of identify.
  1128 | D:2      | 1128 ||| IDENTIFYING emerald potion
  1129 | D:2      | 1129 ||| READING 3 scrolls of identify.
  1129 | D:2      | 1129 ||| IDENTIFYING fizzy black potion
  1130 | D:2      | 1130 ||| READING 2 scrolls of identify.
  1130 | D:2      | 1130 ||| IDENTIFYING pink potion
  1131 | D:2      | 1131 ||| DROPPING potion of lignification.
  1132 | D:2      | 1132 ||| DROPPING potion of invisibility.
  1133 | D:2      | 1133 ||| DROPPING scroll of revelation.
  1254 | D:3      | Reached skill level 3 in Fighting
  1583 | D:3      | 1583 ||| READING scroll of enchant weapon.
  1583 | D:3      | 1583 ||| ENCHANTING +1 shortbow.
  1863 | D:3      | Found a runed translucent door.
  1863 | D:3      | Noticed a human
  1872 | D:3      | Found a basalt altar of Yredelemnul.
  1879 | D:3      | Reached XP level 5. HP: 32/32 MP: 5/5
  2015 | D:3      | 2015 ||| UPGRADING to +0 helmet.
  2020 | D:3      | 2020 ||| UPGRADING to +2 pair of boots.
  2025 | D:3      | 2025 ||| DRINKING 2 sapphire potions.
  2026 | D:3      | 2026 ||| READING 4 scrolls of identify.
  2026 | D:3      | 2026 ||| IDENTIFYING green potion
  2027 | D:3      | 2027 ||| READING 3 scrolls of identify.
  2027 | D:3      | 2027 ||| IDENTIFYING sedimented brown potion
  2028 | D:3      | 2028 ||| READING 2 scrolls of identify.
  2028 | D:3      | 2028 ||| IDENTIFYING inky potion
  2029 | D:3      | 2029 ||| DROPPING potion of degeneration.
  2030 | D:3      | 2030 ||| DROPPING potion of berserk rage.
  2130 | D:4      | Noticed a sky beast
  2142 | D:4      | Killed a sky beast
  2143 | D:4      | Reached skill level 6 in Ranged Weapons
  2167 | D:4      | Noticed an ogre
  2177 | D:4      | Killed an ogre
  2178 | D:4      | Reached XP level 6. HP: 14/38 MP: 6/6
  2367 | D:4      | Identified the +3 spear of Callousness {heavy, Int+5 SInv}
  2404 | D:4      | 2404 ||| Stepping ~*~*~tactically~*~*~ (outnumbered).
  2417 | D:4      | Killed from afar by an orc priest

Levels and vault maps discovered:
D:1:      minmay_arrival_jagged, layout_basic
D:2:      layout_basic, hellmonk_ecumenical_altar_lost_god
D:3:      layout_loops_corners, dk_yredelemnul_ordeal
D:4:      layout_basic, minmay_misc_feat_nine_boxes, amcnicky_mini_pool_small,
          hangedman_decor_slide_cut

Skill      XL: |  1  2  3  4  5 |
---------------+----------------+-----
Armour         | 1 |  1.2
Ranged Weapons | 5 6 |  6.8
Fighting       | 3 4 |  4.1
Dodging        | |  1.5
Stealth        | |  1.1

Action                     |  1- 3 |  4- 6 || total
---------------------------+-------+-------++-------
   Fire: Shortbow          |    79 |   116 ||   195
    Use: Scroll            |     4 |    11 ||    15
         Potion            |       |     1 ||     1
 Armour: Ring mail         |    16 |    51 ||    67
         Leather armour    |     2 |       ||     2
  Dodge: Dodged            |    13 |    40 ||    53

Table legend:
 A = Non-vault XP
 B = Vault XP
 C = Vault XP percentage of total XP
 D = Non-vault monster count
 E = Vault monster count
 F = Vault count percentage of total count
                 A         B        C        D         E       F
            +---------+---------+-------+---------+---------+-------
      Total |     498 |       1 |   0.2 |      64 |       1 |   1.5
            +---------+---------+-------+---------+---------+-------
        D:1 |      28 |       0 |   0.0 |      21 |       0 |   0.0
        D:2 |      57 |       0 |   0.0 |      12 |       0 |   0.0
        D:3 |      81 |       1 |   1.2 |      15 |       1 |   6.2
        D:4 |     332 |       0 |   0.0 |      16 |       0 |   0.0
            +---------+---------+-------+---------+---------+-------
